Gulls vs Marlies
Created - March 30, 2025 at 19:21
Goals
|
| Gulls |
0 |
1 |
0 |
1 |
| Marlies |
2 |
1 |
0 |
3 |
|
Shots
|
| Gulls |
10 |
8 |
17 |
35 |
| Marlies |
14 |
9 |
6 |
29 |
|
1st period
1. Marlies , Otto Koivula 8 (Rasmus Dahlin 39, Lucas Carlsson 25) at 2:26
2. Marlies , Matthew Highmore 12 (Tyler Benson 38, Dmitri Samorukov 11) at 17:37
Penalties :
Rasmus Dahlin (Tor) for Tripping (Minor) at 0:09
2nd period
3. Marlies , Mathieu Olivier 25 (Tyler Benson 39) at 17:40 (PP)
4. Gulls , Nick Merkley 8 (Calvin Thurkauf 4, Mikhail Maltsev 15) at 18:39
Penalties :
Joel Farabee (Tor) for Hooking (Minor) at 2:01, Dennis Gilbert (Tor) for Delaying the game (Minor) at 7:28, Jakub Vrana (S.D) for Roughing (Minor) at 12:20, Logan Brown (S.D) for Delaying the game (Minor) at 17:04
3rd period
No Goal
Penalties :
Mathieu Olivier (Tor) for Holding (Minor) at 4:55, Mathieu Olivier (Tor) for Hooking (Minor) at 8:27, Troy Terry (S.D) for Interference (Minor) at 12:56
Goalie Stats
Louis Domingue (S.D), 26 saves from 29 shots - (0.897), L, 22-14-9, 60:00 minutes
Logan Thompson (Tor), 34 saves from 35 shots - (0.971), W, 15-19-3, 60:00 minutes
Players Stats for Gulls
Player Name G A P +/- PIM S H SB GA TA FO MP PP MP PK MP
------------------------------------------------------------------------------------
Andrei Mironov 0 0 0 -2 0 4 0 2 0 1 0/0 23:56 5:40 0:00
Anton Blidh 0 0 0 -1 0 2 1 1 3 0 2/2 20:28 4:52 0:55
Calvin Thurkauf 0 1 1 0 0 4 1 0 0 0 7/8 13:08 0:00 0:49
Dean Kukan 0 0 0 -2 0 1 5 2 0 1 0/0 26:35 5:40 2:58
Dylan DeMelo 0 0 0 0 0 3 1 1 0 2 0/0 23:56 4:15 2:58
Jack Glover 0 0 0 0 0 3 0 1 0 0 0/0 17:57 0:00 1:36
Jakub Vrana 0 0 0 -1 2 0 0 0 0 0 1/1 19:21 4:14 0:00
Kirby Dach 0 0 0 0 0 0 2 0 0 0 1/1 8:54 0:22 1:06
Logan Brown 0 0 0 -1 2 5 2 1 0 0 14/28 19:28 4:52 0:00
Luke Kunin 0 0 0 0 0 1 1 0 0 0 3/14 18:29 4:41 2:39
Markus Niemelainen 0 0 0 1 0 0 0 0 0 0 0/0 12:25 0:00 1:36
Mikhail Maltsev 0 1 1 0 0 1 1 1 1 0 1/1 12:48 0:19 0:00
Nick Merkley 1 0 1 0 0 3 0 0 1 0 0/0 13:01 0:27 0:00
Pavel Dorofeyev 0 0 0 0 0 0 0 0 1 0 0/0 6:49 0:00 0:00
Scott Wilson 0 0 0 0 0 2 1 1 0 0 0/0 7:45 0:00 0:49
Sergey Tolchinsky 0 0 0 0 0 1 0 2 0 1 1/1 18:59 4:44 2:50
Tarmo Reunanen 0 0 0 1 0 0 1 1 0 1 0/0 15:11 4:15 0:00
Troy Terry 0 0 0 0 2 5 0 1 1 0 0/0 16:13 5:14 0:00
Players Stats for Marlies
Player Name G A P +/- PIM S H SB GA TA FO MP PP MP PK MP
------------------------------------------------------------------------------------
Alex Formenton 0 0 0 -1 0 2 0 0 0 0 1/1 12:31 0:00 2:06
Arthur Kaliyev 0 0 0 1 0 0 0 0 0 0 0/1 9:18 0:00 0:00
Dennis Gilbert 0 0 0 1 2 1 0 0 0 0 0/0 12:17 0:00 0:47
Dmitri Samorukov 0 1 1 2 0 0 3 1 0 1 0/0 11:14 0:00 0:00
Isac Lundestrom 0 0 0 -1 0 2 0 0 0 0 3/9 11:37 0:00 1:15
Jakob Forsbacka-Karlsson 0 0 0 1 0 0 2 1 0 0 0/2 9:18 0:00 0:00
Joel Farabee 0 0 0 0 2 2 2 0 1 0 2/2 16:33 3:20 0:23
Keaton Thompson 0 0 0 -1 0 2 2 2 0 1 0/0 21:22 0:50 4:52
Kole Sherwood 0 0 0 -1 0 1 3 1 0 0 0/0 9:43 0:00 0:00
Lias Andersson 0 0 0 0 0 0 0 0 0 1 13/27 21:48 3:20 5:35
Lucas Carlsson 0 1 1 -1 0 0 3 1 0 1 0/0 20:55 0:50 4:25
Martin Necas 0 0 0 0 0 1 1 0 0 0 0/0 16:10 3:20 0:00
Mathieu Olivier 1 0 1 1 4 7 0 0 1 0 0/0 16:18 1:14 1:51
Matthew Highmore 1 0 1 1 0 3 1 0 0 0 5/12 17:20 1:14 3:27
Otto Koivula 1 0 1 1 0 3 1 1 0 0 0/0 9:37 0:00 0:00
Pierre-Olivier Joseph 0 0 0 0 0 1 1 1 2 1 0/0 27:51 3:44 5:30
Rasmus Dahlin 0 1 1 1 2 0 1 0 1 2 0/0 26:44 3:44 4:16
Tyler Benson 0 2 2 1 0 4 0 0 1 0 2/2 19:24 1:14 5:13
3 Stars
1 - Logan Thompson (Tor)
2 - Otto Koivula (Tor)
3 - Dmitri Samorukov (Tor)
Power Play
Gulls - 0 on 5 Attempt(s) - 0.00%
Marlies - 1 on 3 Attempt(s) - 33.33%
Penalty Kill
Gulls - 2 on 3 Attempt(s) - 66.67%
- Score 0 goal in Penalty Kill
Marlies - 5 on 5 Attempt(s) - 100.00%
- Score 0 goal in Penalty Kill
Team Stat
Gulls - Hits : 16 - Faceoff Wins : 30 - Blocked Shots : 14 - Penalty Minutes : 6
Marlies - Hits : 20 - Faceoff Wins : 26 - Blocked Shots : 8 - Penalty Minutes : 10
Official
Referees : Francois St. Laurent and Michael Markovic
Linesman : Jonny Murray and Ryan Daisy
Game Notes
No Game Note
Finance
Level 1 -- Attendance: 1860 (93.00%) -- Ticket Income $130,200
Level 2 -- Attendance: 865 (86.50%) -- Ticket Income $34,600
Total Attendance: 2725 (90.83%)
Total Ticket Income: $164,800
Other Income: $8,240
Total Income: $173,040
Gulls
5 vs 5 Forward
Center Left Wing Right Wing Time % Phy DF OF
1 Logan Brown Anton Blidh Jakub Vrana 35 0 2 3
2 Luke Kunin Sergey Tolchinsky Troy Terry 30 0 2 3
3 Calvin Thurkauf Mikhail Maltsev Nick Merkley 25 0 2 3
4 Kirby Dach Pavel Dorofeyev Scott Wilson 10 1 2 2
5 vs 5 Defense
Defense Defense Time % Phy DF OF
1 Dean Kukan Andrei Mironov 40 0 2 3
2 Dylan DeMelo Jack Glover 30 0 2 3
3 Markus Niemelainen Tarmo Reunanen 20 0 2 3
4 Dean Kukan Andrei Mironov 10 0 2 3
PowerPlay Forward
Center Left Wing Right Wing Time % Phy DF OF
1 Logan Brown Anton Blidh Troy Terry 60 0 1 4
2 Luke Kunin Sergey Tolchinsky Jakub Vrana 40 0 1 4
PowerPlay Defense
Defense Defense Time % Phy DF OF
1 Dean Kukan Andrei Mironov 60 1 2 2
2 Dylan DeMelo Tarmo Reunanen 40 1 2 2
Penalty Kill 4 Players Forward
Center Wing Time % Phy DF OF
1 Luke Kunin Sergey Tolchinsky 60 1 2 2
2 Calvin Thurkauf Scott Wilson 40 1 2 2
Penalty Kill 4 Players Defense
Defense Defense Time % Phy DF OF
1 Dean Kukan Dylan DeMelo 60 1 2 2
2 Jack Glover Markus Niemelainen 40 1 2 2
Penalty Kill - 3 Players Forward
Forward Time % Phy DF OF
1 Kirby Dach 60 1 2 2
2 Calvin Thurkauf 40 1 2 2
Penalty Kill - 3 Players Defense
Defense Defense Time % Phy DF OF
1 Andrei Mironov Dylan DeMelo 60 1 2 2
2 Tarmo Reunanen Jack Glover 40 1 2 2
4 vs 4 Forward
Center Wing Time % Phy DF OF
1 Logan Brown Scott Wilson 60 1 2 2
2 Luke Kunin Troy Terry 40 1 2 2
4 vs 4 Defense
Defense Defense Time % Phy DF OF
1 Markus Niemelainen Tarmo Reunanen 60 1 2 2
2 Dylan DeMelo Jack Glover 40 1 2 2
Last Minutes Offensive
Center Left Wing Right Wing Defense Defense
Logan Brown Anton Blidh Jakub Vrana Dean Kukan Andrei Mironov
Last Minutes Defensive
Center Left Wing Right Wing Defense Defense
Logan Brown Anton Blidh Jakub Vrana Dean Kukan Andrei Mironov
Goaltenders
Starting : Louis Domingue
Backup : Eamon McAdam
Extra Forwards
Normal : Logan Brown, Jakub Vrana, Anton Blidh - PP : Jakub Vrana, Anton Blidh - PK : Sergey Tolchinsky
Extra Defensemen
Normal : Dean Kukan, Tarmo Reunanen, Dylan DeMelo - PP : Dean Kukan - PK : Tarmo Reunanen, Dean Kukan
Penalty Shots
Jakub Vrana, Logan Brown, Scott Wilson, Anton Blidh, Sergey Tolchinsky
Custom OT Lines Forwards
Jakub Vrana, Logan Brown, Troy Terry, Anton Blidh, Sergey Tolchinsky, Scott Wilson, Luke Kunin, Calvin Thurkauf, Nick Merkley, Pavel Dorofeyev
Custom OT Lines Defensemen
Dean Kukan, Andrei Mironov, Dylan DeMelo, Jack Glover, Tarmo Reunanen
Scratches
Branden Troock (Healthy), Damien Giroux (Healthy), Jake Pivonka (Healthy), Francis Perron (Healthy), Henri Ikonen (Healthy)
Ryan Collins (Healthy), Taylor Leier (Healthy), MacKenzie Entwistle (Healthy), Zack MacEwen (Healthy), Niklas Nordgren (Healthy)
Massimo Rizzo (Healthy), Drew Helleson (Healthy), Alexis Gravel (Healthy), Connor Ingram (Healthy), Mads Sogaard (Healthy)
Marlies
5 vs 5 Forward
Center Left Wing Right Wing Time % Phy DF OF
1 Lias Andersson Joel Farabee Martin Necas 40 1 2 2
2 Matthew Highmore Tyler Benson Mathieu Olivier 30 1 2 2
3 Isac Lundestrom Alex Formenton Kole Sherwood 20 1 2 2
4 Jakob Forsbacka-Karlsson Otto Koivula Arthur Kaliyev 10 1 2 2
5 vs 5 Defense
Defense Defense Time % Phy DF OF
1 Pierre-Olivier Joseph Rasmus Dahlin 40 1 2 2
2 Lucas Carlsson Keaton Thompson 30 1 2 2
3 Dmitri Samorukov Dennis Gilbert 20 1 2 2
4 Rasmus Dahlin Pierre-Olivier Joseph 10 1 2 2
PowerPlay Forward
Center Left Wing Right Wing Time % Phy DF OF
1 Lias Andersson Joel Farabee Martin Necas 60 1 2 2
2 Matthew Highmore Tyler Benson Mathieu Olivier 40 1 2 2
PowerPlay Defense
Defense Defense Time % Phy DF OF
1 Pierre-Olivier Joseph Rasmus Dahlin 60 1 2 2
2 Lucas Carlsson Keaton Thompson 40 1 2 2
Penalty Kill 4 Players Forward
Center Wing Time % Phy DF OF
1 Lias Andersson Tyler Benson 60 1 2 2
2 Matthew Highmore Mathieu Olivier 40 1 2 2
Penalty Kill 4 Players Defense
Defense Defense Time % Phy DF OF
1 Pierre-Olivier Joseph Rasmus Dahlin 60 1 2 2
2 Lucas Carlsson Keaton Thompson 40 1 2 2
Penalty Kill - 3 Players Forward
Forward Time % Phy DF OF
1 Lias Andersson 60 1 2 2
2 Tyler Benson 40 1 2 2
Penalty Kill - 3 Players Defense
Defense Defense Time % Phy DF OF
1 Pierre-Olivier Joseph Rasmus Dahlin 60 1 2 2
2 Lucas Carlsson Keaton Thompson 40 1 2 2
4 vs 4 Forward
Center Wing Time % Phy DF OF
1 Lias Andersson Tyler Benson 60 1 2 2
2 Matthew Highmore Martin Necas 40 1 2 2
4 vs 4 Defense
Defense Defense Time % Phy DF OF
1 Pierre-Olivier Joseph Rasmus Dahlin 60 1 2 2
2 Lucas Carlsson Keaton Thompson 40 1 2 2
Last Minutes Offensive
Center Left Wing Right Wing Defense Defense
Lias Andersson Joel Farabee Martin Necas Pierre-Olivier Joseph Rasmus Dahlin
Last Minutes Defensive
Center Left Wing Right Wing Defense Defense
Lias Andersson Tyler Benson Mathieu Olivier Pierre-Olivier Joseph Lucas Carlsson
Goaltenders
Starting : Logan Thompson
Backup : Maxime Lagace
Extra Forwards
Normal : Tyler Benson, Joel Farabee, Otto Koivula - PP : Tyler Benson, Mathieu Olivier - PK : Matthew Highmore
Extra Defensemen
Normal : Lucas Carlsson, Dmitri Samorukov, Rasmus Dahlin - PP : Dmitri Samorukov - PK : Keaton Thompson, Dennis Gilbert
Penalty Shots
Tyler Benson, Martin Necas, Joel Farabee, Alex Formenton, Kole Sherwood
Custom OT Lines Forwards
Tyler Benson, Martin Necas, Mathieu Olivier, Alex Formenton, Joel Farabee, Kole Sherwood, Lias Andersson, Matthew Highmore, Otto Koivula, Arthur Kaliyev
Custom OT Lines Defensemen
Pierre-Olivier Joseph, Rasmus Dahlin, Lucas Carlsson, Keaton Thompson, Dennis Gilbert
Scratches
Jonathan Gruden (Healthy), Jacob Bernard-Docker (Healthy), Xavier Bernard (Healthy), Jonathan Davidsson (Healthy), Hugh McGing (Healthy)
Jan Jenik (Healthy), Blake Murray (Healthy), Vasili Podkolzin (Healthy), Samuel Fagemo (Healthy), Veini Vehvilainen (Healthy)
Matthew Thiessen (Healthy)
% Time on Ice - Gulls
Lines # - Real PCT - Wanted PCT - Time Play
Normal Forward
1 - 33% - 35% - 15:14
2 - 25% - 30% - 11:16
3 - 27% - 25% - 12:12
4 - 15% - 10% - 6:49
Normal Defense
1 - 36% - 40% - 16:26
2 - 38% - 30% - 17:12
3 - 23% - 20% - 10:38
4 - 3% - 10% - 1:15
PP Forward
1 - 53% - 60% - 5:14
2 - 47% - 40% - 4:41
PP Defense
1 - 57% - 60% - 5:40
2 - 43% - 40% - 4:15
PK Forward
1 - 82% - 60% - 3:45
2 - 18% - 40% - 0:49
PK Defense
1 - 65% - 60% - 2:58
2 - 35% - 40% - 1:36
PK3 Forward
1 - 0% - 60%
2 - 0% - 40%
PK3 Defense
1 - 0% - 60%
2 - 0% - 40%
44 Forward
1 - 0% - 60%
2 - 0% - 40%
44 Defense
1 - 0% - 60%
2 - 0% - 40%
Last Minute Offensive - 0:00
Last Minute Defensive - 0:00
Total
Forward - 60:00
Defense - 60:00
|
% Time on Ice - Marlies
Lines # - Real PCT - Wanted PCT - Time Play
Normal Forward
1 - 30% - 40% - 13:51
2 - 28% - 30% - 12:39
3 - 21% - 20% - 9:43
4 - 20% - 10% - 9:18
Normal Defense
1 - 39% - 40% - 17:51
2 - 34% - 30% - 15:40
3 - 24% - 20% - 11:06
4 - 2% - 10% - 0:54
PP Forward
1 - 73% - 60% - 3:20
2 - 27% - 40% - 1:14
PP Defense
1 - 82% - 60% - 3:44
2 - 18% - 40% - 0:50
PK Forward
1 - 70% - 60% - 6:56
2 - 30% - 40% - 2:59
PK Defense
1 - 55% - 60% - 5:30
2 - 45% - 40% - 4:25
PK3 Forward
1 - 0% - 60%
2 - 0% - 40%
PK3 Defense
1 - 0% - 60%
2 - 0% - 40%
44 Forward
1 - 0% - 60%
2 - 0% - 40%
44 Defense
1 - 0% - 60%
2 - 0% - 40%
Last Minute Offensive - 0:00
Last Minute Defensive - 0:00
Total
Forward - 60:00
Defense - 60:00
|
Play-by-Play
1st period
0:01 of 1st period - Lias Andersson wins face-off versus Logan Brown in neutral zone.
0:09 of 1st period - Minor Penalty to Rasmus Dahlin for Tripping.
0:10 of 1st period - Anton Blidh wins face-off versus Lias Andersson in Marlies zone.
0:36 of 1st period - Icing by Jakub Vrana.
0:37 of 1st period - Matthew Highmore wins face-off versus Luke Kunin in Gulls zone.
0:40 of 1st period - Snap shot by Matthew Highmore.
0:40 of 1st period - Shot Blocked by Sergey Tolchinsky.
1:10 of 1st period - Snap shot by Logan Brown.
1:10 of 1st period - Stopped by Logan Thompson with a rebound.
1:12 of 1st period - Slapshot by Tarmo Reunanen.
1:12 of 1st period - Shot Blocked by Lucas Carlsson.
2:09 of 1st period - Penalty to Rasmus Dahlin is over, Rasmus Dahlin is back on ice.
2:17 of 1st period - Dean Kukan is hit by Keaton Thompson and loses puck.
2:24 of 1st period - Backhand shot by Otto Koivula.
2:24 of 1st period - Shot Misses the Net.
2:26 of 1st period - Wrist shot by Otto Koivula.
2:26 of 1st period - Goal by Otto Koivula - Gulls : 0 - Marlies : 1.
2:27 of 1st period - Luke Kunin wins face-off versus Matthew Highmore in neutral zone.
2:52 of 1st period - Jakub Vrana is hit by Lucas Carlsson and loses puck.
3:01 of 1st period - Lias Andersson is hit by Dean Kukan and loses puck.
3:43 of 1st period - Wrist shot by Luke Kunin.
3:43 of 1st period - Shot Misses the Net.
3:45 of 1st period - Slapshot by Dean Kukan.
3:45 of 1st period - Shot Misses the Net.
3:47 of 1st period - Snap shot by Luke Kunin.
3:47 of 1st period - Shot Blocked by Jakob Forsbacka-Karlsson.
4:06 of 1st period - Slapshot by Dylan DeMelo.
4:06 of 1st period - Deflect By Mathieu Olivier.
4:06 of 1st period - Stopped by Logan Thompson without a rebound.
4:07 of 1st period - Jakub Vrana wins face-off versus Lias Andersson in Marlies zone.
4:10 of 1st period - Slapshot by Anton Blidh.
4:10 of 1st period - Deflect By Logan Brown.
4:10 of 1st period - Shot Misses the Net.
4:10 of 1st period - Puck is out of play.
4:11 of 1st period - Logan Brown wins face-off versus Lias Andersson in Marlies zone.
4:20 of 1st period - Snap shot by Jakub Vrana.
4:20 of 1st period - Shot Misses the Net.
5:20 of 1st period - Snap shot by Sergey Tolchinsky.
5:20 of 1st period - Stopped by Logan Thompson without a rebound.
5:21 of 1st period - Calvin Thurkauf wins face-off versus Lias Andersson in Marlies zone.
5:28 of 1st period - Snap shot by Nick Merkley.
5:28 of 1st period - Stopped by Logan Thompson without a rebound.
5:29 of 1st period - Lias Andersson wins face-off versus Luke Kunin in Marlies zone.
6:14 of 1st period - Slapshot by Tyler Benson.
6:14 of 1st period - Deflect By Alex Formenton.
6:14 of 1st period - Shot Blocked by Andrei Mironov.
6:14 of 1st period - Puck is out of play.
6:15 of 1st period - Calvin Thurkauf wins face-off versus Isac Lundestrom in Gulls zone.
7:08 of 1st period - Slapshot by Rasmus Dahlin.
7:08 of 1st period - Deflect By Otto Koivula.
7:08 of 1st period - Stopped by Louis Domingue without a rebound.
7:09 of 1st period - Lias Andersson wins face-off versus Logan Brown in Gulls zone.
7:14 of 1st period - Snap shot by Joel Farabee.
7:14 of 1st period - Shot Blocked by Logan Brown.
8:06 of 1st period - Snap shot by Alex Formenton.
8:06 of 1st period - Stopped by Louis Domingue without a rebound.
8:07 of 1st period - Isac Lundestrom wins face-off versus Calvin Thurkauf in Gulls zone.
8:56 of 1st period - Off-side.
8:57 of 1st period - Matthew Highmore wins face-off versus Luke Kunin in neutral zone.
9:02 of 1st period - Snap shot by Mathieu Olivier.
9:02 of 1st period - Stopped by Louis Domingue with a rebound.
9:04 of 1st period - Slapshot by Tyler Benson.
9:04 of 1st period - Shot Misses the Net.
9:06 of 1st period - Slapshot by Dennis Gilbert.
9:06 of 1st period - Deflect By Dean Kukan.
9:06 of 1st period - Stopped by Louis Domingue without a rebound.
9:07 of 1st period - Matthew Highmore wins face-off versus Luke Kunin in Gulls zone.
9:57 of 1st period - Slapshot by Mathieu Olivier.
9:57 of 1st period - Stopped by Louis Domingue with a rebound.
9:59 of 1st period - Slapshot by Dmitri Samorukov.
9:59 of 1st period - Deflect By Matthew Highmore.
9:59 of 1st period - Stopped by Louis Domingue with a rebound.
10:03 of 1st period - Snap shot by Matthew Highmore.
10:03 of 1st period - Shot Blocked by Dean Kukan.
10:05 of 1st period - Wrist shot by Tyler Benson.
10:05 of 1st period - Shot Misses the Net.
10:07 of 1st period - Slapshot by Dennis Gilbert.
10:07 of 1st period - Shot Misses the Net.
10:09 of 1st period - Slapshot by Mathieu Olivier.
10:09 of 1st period - Stopped by Louis Domingue with a rebound.
10:11 of 1st period - Wrist shot by Mathieu Olivier.
10:11 of 1st period - Stopped by Louis Domingue without a rebound.
10:12 of 1st period - Joel Farabee wins face-off versus Logan Brown in Gulls zone.
10:39 of 1st period - Dylan DeMelo is hit by Pierre-Olivier Joseph and loses puck.
11:00 of 1st period - Lucas Carlsson is hit by Tarmo Reunanen and loses puck.
11:13 of 1st period - Wrist shot by Scott Wilson.
11:13 of 1st period - Stopped by Logan Thompson with a rebound.
11:23 of 1st period - Markus Niemelainen is hit by Joel Farabee and loses puck.
11:38 of 1st period - Wrist shot by Logan Brown.
11:38 of 1st period - Stopped by Logan Thompson with a rebound.
11:50 of 1st period - Calvin Thurkauf is hit by Otto Koivula and loses puck.
12:41 of 1st period - Wrist shot by Mathieu Olivier.
12:41 of 1st period - Shot Blocked by Mikhail Maltsev.
12:43 of 1st period - Snap shot by Tyler Benson.
12:43 of 1st period - Stopped by Louis Domingue with a rebound.
13:14 of 1st period - Backhand shot by Scott Wilson.
13:14 of 1st period - Shot Misses the Net.
14:12 of 1st period - Lias Andersson is hit by Dean Kukan and loses puck.
14:52 of 1st period - Snap shot by Tyler Benson.
14:52 of 1st period - Stopped by Louis Domingue with a rebound.
15:26 of 1st period - Tarmo Reunanen is hit by Dmitri Samorukov and loses puck.
15:33 of 1st period - Slapshot by Kole Sherwood.
15:33 of 1st period - Deflect By Isac Lundestrom.
15:33 of 1st period - Stopped by Louis Domingue without a rebound.
15:34 of 1st period - Logan Brown wins face-off versus Matthew Highmore in Gulls zone.
15:41 of 1st period - Slapshot by Jakub Vrana.
15:41 of 1st period - Shot Blocked by Keaton Thompson.
15:43 of 1st period - Snap shot by Andrei Mironov.
15:43 of 1st period - Stopped by Logan Thompson with a rebound.
15:45 of 1st period - Slapshot by Dean Kukan.
15:45 of 1st period - Deflect By Logan Brown.
15:45 of 1st period - Stopped by Logan Thompson with a rebound.
15:47 of 1st period - Wrist shot by Anton Blidh.
15:47 of 1st period - Shot Blocked by Keaton Thompson.
15:49 of 1st period - Wrist shot by Andrei Mironov.
15:49 of 1st period - Stopped by Logan Thompson with a rebound.
16:09 of 1st period - Snap shot by Joel Farabee.
16:09 of 1st period - Shot Blocked by Dean Kukan.
16:11 of 1st period - Snap shot by Lias Andersson.
16:11 of 1st period - Deflect By Martin Necas.
16:11 of 1st period - Shot Misses the Net.
16:11 of 1st period - Puck is out of play.
16:12 of 1st period - Logan Brown wins face-off versus Isac Lundestrom in Gulls zone.
17:09 of 1st period - Icing by Mathieu Olivier.
17:10 of 1st period - Logan Brown wins face-off versus Matthew Highmore in Marlies zone.
17:11 of 1st period - Snap shot by Anton Blidh.
17:11 of 1st period - Shot Blocked by Dmitri Samorukov.
17:14 of 1st period - Icing by Mathieu Olivier.
17:15 of 1st period - Logan Brown wins face-off versus Matthew Highmore in Marlies zone.
17:19 of 1st period - Icing by Dmitri Samorukov.
17:20 of 1st period - Logan Brown wins face-off versus Matthew Highmore in Marlies zone.
17:31 of 1st period - Snap shot by Tyler Benson.
17:31 of 1st period - Shot Misses the Net.
17:33 of 1st period - Wrist shot by Matthew Highmore.
17:33 of 1st period - Shot Misses the Net.
17:35 of 1st period - Wrist shot by Tyler Benson.
17:35 of 1st period - Shot Blocked by Anton Blidh.
17:37 of 1st period - Slapshot by Matthew Highmore.
17:37 of 1st period - Goal by Matthew Highmore - Gulls : 0 - Marlies : 2.
17:38 of 1st period - Lias Andersson wins face-off versus Logan Brown in neutral zone.
18:05 of 1st period - Wrist shot by Alex Formenton.
18:05 of 1st period - Shot Blocked by Andrei Mironov.
18:07 of 1st period - Wrist shot by Isac Lundestrom.
18:07 of 1st period - Shot Misses the Net.
18:09 of 1st period - Slapshot by Kole Sherwood.
18:09 of 1st period - Shot Blocked by Troy Terry.
18:11 of 1st period - Snap shot by Keaton Thompson.
18:11 of 1st period - Stopped by Louis Domingue without a rebound.
18:12 of 1st period - Calvin Thurkauf wins face-off versus Lias Andersson in Gulls zone.
18:37 of 1st period - Matthew Highmore is hit by Logan Brown and loses puck.
18:45 of 1st period - Off-side.
18:46 of 1st period - Logan Brown wins face-off versus Lias Andersson in neutral zone.
18:59 of 1st period - Wrist shot by Anton Blidh.
18:59 of 1st period - Shot Misses the Net.
19:01 of 1st period - Snap shot by Jakub Vrana.
19:01 of 1st period - Deflect By Anton Blidh.
19:01 of 1st period - Stopped by Logan Thompson with a rebound.
Goals for this period are 0 for Gulls vs 2 for Marlies.
Shots for this period are 10 for Gulls vs 14 for Marlies.
2nd period
0:01 of 2nd period - Lias Andersson wins face-off versus Logan Brown in neutral zone.
0:06 of 2nd period - Slapshot by Martin Necas.
0:06 of 2nd period - Shot Misses the Net.
1:30 of 2nd period - Wrist shot by Joel Farabee.
1:30 of 2nd period - Stopped by Louis Domingue with a rebound.
1:32 of 2nd period - Snap shot by Martin Necas.
1:32 of 2nd period - Stopped by Louis Domingue with a rebound.
1:56 of 2nd period - Wrist shot by Troy Terry.
1:56 of 2nd period - Shot Misses the Net.
1:58 of 2nd period - Wrist shot by Sergey Tolchinsky.
1:58 of 2nd period - Deflect By Luke Kunin.
1:58 of 2nd period - Stopped by Logan Thompson without a rebound.
1:59 of 2nd period - Lias Andersson wins face-off versus Logan Brown in Marlies zone.
2:01 of 2nd period - Minor Penalty to Joel Farabee for Hooking.
2:02 of 2nd period - Tyler Benson wins face-off versus Logan Brown in Marlies zone.
2:02 of 2nd period - Tyler Benson is hit by Logan Brown.
3:55 of 2nd period - Dylan DeMelo is hit by Lucas Carlsson and loses puck.
4:01 of 2nd period - Penalty to Joel Farabee is over, Joel Farabee is back on ice.
4:20 of 2nd period - Snap shot by Sergey Tolchinsky.
4:20 of 2nd period - Deflect By Dmitri Samorukov.
4:20 of 2nd period - Shot Misses the Net.
4:20 of 2nd period - Puck is out of play.
4:21 of 2nd period - Calvin Thurkauf wins face-off versus Isac Lundestrom in Marlies zone.
4:50 of 2nd period - Backhand shot by Kole Sherwood.
4:50 of 2nd period - Shot Blocked by Scott Wilson.
4:56 of 2nd period - Isac Lundestrom is hit by Kirby Dach and loses puck.
5:07 of 2nd period - Snap shot by Kole Sherwood.
5:07 of 2nd period - Shot Blocked by Dylan DeMelo.
5:42 of 2nd period - Slapshot by Pierre-Olivier Joseph.
5:42 of 2nd period - Stopped by Louis Domingue with a rebound.
6:37 of 2nd period - Wrist shot by Keaton Thompson.
6:37 of 2nd period - Shot Blocked by Tarmo Reunanen.
6:39 of 2nd period - Wrist shot by Mathieu Olivier.
6:39 of 2nd period - Deflect By Matthew Highmore.
6:39 of 2nd period - Stopped by Louis Domingue with a rebound.
6:41 of 2nd period - Wrist shot by Tyler Benson.
6:41 of 2nd period - Shot Misses the Net.
7:28 of 2nd period - Minor Penalty to Dennis Gilbert for Delaying the game.
7:29 of 2nd period - Logan Brown wins face-off versus Lias Andersson in Marlies zone.
8:06 of 2nd period - Keaton Thompson is hit by Luke Kunin and loses puck.
9:25 of 2nd period - Dylan DeMelo is hit by Lucas Carlsson and loses puck.
9:28 of 2nd period - Penalty to Dennis Gilbert is over, Dennis Gilbert is back on ice.
9:34 of 2nd period - Lucas Carlsson is hit by Mikhail Maltsev and loses puck.
9:57 of 2nd period - Keaton Thompson is hit by Dean Kukan and loses puck.
11:04 of 2nd period - Nick Merkley is hit by Kole Sherwood and loses puck.
11:17 of 2nd period - Mikhail Maltsev is hit by Dmitri Samorukov and loses puck.
11:52 of 2nd period - Icing by Lucas Carlsson.
11:53 of 2nd period - Kirby Dach wins face-off versus Jakob Forsbacka-Karlsson in Marlies zone.
12:02 of 2nd period - Otto Koivula is hit by Dean Kukan and loses puck.
12:20 of 2nd period - Minor Penalty to Jakub Vrana for Roughing.
12:21 of 2nd period - Lias Andersson wins face-off versus Luke Kunin in Gulls zone.
12:35 of 2nd period - Snap shot by Pierre-Olivier Joseph.
12:35 of 2nd period - Deflect By Joel Farabee.
12:35 of 2nd period - Stopped by Louis Domingue with a rebound.
14:15 of 2nd period - Rasmus Dahlin is hit by Scott Wilson and loses puck.
14:20 of 2nd period - Penalty to Jakub Vrana is over, Jakub Vrana is back on ice.
14:20 of 2nd period - Snap shot by Scott Wilson.
14:20 of 2nd period - Stopped by Logan Thompson with a rebound.
14:22 of 2nd period - Wrist shot by Scott Wilson.
14:22 of 2nd period - Shot Misses the Net.
14:24 of 2nd period - Snap shot by Calvin Thurkauf.
14:24 of 2nd period - Stopped by Logan Thompson with a rebound.
14:26 of 2nd period - Slapshot by Jack Glover.
14:26 of 2nd period - Stopped by Logan Thompson without a rebound.
14:27 of 2nd period - Alex Formenton wins face-off versus Logan Brown in Marlies zone.
15:06 of 2nd period - Dean Kukan is hit by Jakob Forsbacka-Karlsson and loses puck.
15:59 of 2nd period - Markus Niemelainen is hit by Dmitri Samorukov and loses puck.
16:41 of 2nd period - Wrist shot by Kirby Dach.
16:41 of 2nd period - Shot Misses the Net.
16:49 of 2nd period - Wrist shot by Tyler Benson.
16:49 of 2nd period - Stopped by Louis Domingue with a rebound.
16:51 of 2nd period - Snap shot by Mathieu Olivier.
16:51 of 2nd period - Stopped by Louis Domingue without a rebound.
16:52 of 2nd period - Logan Brown wins face-off versus Matthew Highmore in Gulls zone.
17:04 of 2nd period - Minor Penalty to Logan Brown for Delaying the game.
17:05 of 2nd period - Lias Andersson wins face-off versus Luke Kunin in Gulls zone.
17:31 of 2nd period - Luke Kunin is hit by Rasmus Dahlin and loses puck.
17:38 of 2nd period - Wrist shot by Mathieu Olivier.
17:38 of 2nd period - Stopped by Louis Domingue with a rebound.
17:40 of 2nd period - Snap shot by Mathieu Olivier.
17:40 of 2nd period - Goal by Mathieu Olivier - Gulls : 0 - Marlies : 3.
17:41 of 2nd period - Logan Brown wins face-off versus Lias Andersson in neutral zone.
17:46 of 2nd period - Snap shot by Logan Brown.
17:46 of 2nd period - Deflect By Anton Blidh.
17:46 of 2nd period - Stopped by Logan Thompson with a rebound.
17:48 of 2nd period - Wrist shot by Andrei Mironov.
17:48 of 2nd period - Stopped by Logan Thompson with a rebound.
17:50 of 2nd period - Wrist shot by Anton Blidh.
17:50 of 2nd period - Shot Misses the Net.
17:52 of 2nd period - Wrist shot by Andrei Mironov.
17:52 of 2nd period - Shot Blocked by Pierre-Olivier Joseph.
18:11 of 2nd period - Wrist shot by Tyler Benson.
18:11 of 2nd period - Shot Misses the Net.
18:13 of 2nd period - Slapshot by Pierre-Olivier Joseph.
18:13 of 2nd period - Shot Blocked by Jack Glover.
18:15 of 2nd period - Slapshot by Tyler Benson.
18:15 of 2nd period - Shot Misses the Net.
18:17 of 2nd period - Slapshot by Pierre-Olivier Joseph.
18:17 of 2nd period - Shot Misses the Net.
18:19 of 2nd period - Snap shot by Mathieu Olivier.
18:19 of 2nd period - Shot Misses the Net.
18:35 of 2nd period - Wrist shot by Calvin Thurkauf.
18:35 of 2nd period - Shot Blocked by Kole Sherwood.
18:37 of 2nd period - Wrist shot by Calvin Thurkauf.
18:37 of 2nd period - Stopped by Logan Thompson with a rebound.
18:39 of 2nd period - Snap shot by Nick Merkley.
18:39 of 2nd period - Goal by Nick Merkley - Gulls : 1 - Marlies : 3.
18:40 of 2nd period - Lias Andersson wins face-off versus Logan Brown in neutral zone.
18:45 of 2nd period - Backhand shot by Joel Farabee.
18:45 of 2nd period - Shot Misses the Net.
19:10 of 2nd period - Jack Glover is hit by Matthew Highmore.
Goals for this period are 1 for Gulls vs 1 for Marlies.
Shots for this period are 8 for Gulls vs 9 for Marlies.
3rd period
0:01 of 3rd period - Lias Andersson wins face-off versus Logan Brown in neutral zone.
0:07 of 3rd period - Snap shot by Anton Blidh.
0:07 of 3rd period - Shot Misses the Net.
0:09 of 3rd period - Slapshot by Andrei Mironov.
0:09 of 3rd period - Stopped by Logan Thompson without a rebound.
0:10 of 3rd period - Lias Andersson wins face-off versus Logan Brown in Marlies zone.
0:17 of 3rd period - Wrist shot by Anton Blidh.
0:17 of 3rd period - Shot Misses the Net.
0:44 of 3rd period - Icing by Rasmus Dahlin.
0:45 of 3rd period - Sergey Tolchinsky wins face-off versus Lias Andersson in Marlies zone.
1:54 of 3rd period - Jakub Vrana is hit by Jakob Forsbacka-Karlsson.
2:13 of 3rd period - Wrist shot by Troy Terry.
2:13 of 3rd period - Stopped by Logan Thompson without a rebound.
2:14 of 3rd period - Matthew Highmore wins face-off versus Luke Kunin in Marlies zone.
2:27 of 3rd period - Slapshot by Troy Terry.
2:27 of 3rd period - Stopped by Logan Thompson with a rebound.
2:29 of 3rd period - Slapshot by Troy Terry.
2:29 of 3rd period - Stopped by Logan Thompson without a rebound.
2:30 of 3rd period - Logan Brown wins face-off versus Lias Andersson in Marlies zone.
3:19 of 3rd period - Icing by Jack Glover.
3:20 of 3rd period - Mikhail Maltsev wins face-off versus Arthur Kaliyev in Gulls zone.
3:27 of 3rd period - Slapshot by Jack Glover.
3:27 of 3rd period - Shot Misses the Net.
3:29 of 3rd period - Wrist shot by Mikhail Maltsev.
3:29 of 3rd period - Stopped by Logan Thompson with a rebound.
3:35 of 3rd period - Wrist shot by Nick Merkley.
3:35 of 3rd period - Shot Misses the Net.
3:37 of 3rd period - Snap shot by Jack Glover.
3:37 of 3rd period - Stopped by Logan Thompson with a rebound.
3:39 of 3rd period - Wrist shot by Calvin Thurkauf.
3:39 of 3rd period - Stopped by Logan Thompson with a rebound.
3:41 of 3rd period - Slapshot by Mikhail Maltsev.
3:41 of 3rd period - Shot Misses the Net.
3:58 of 3rd period - Wrist shot by Dylan DeMelo.
3:58 of 3rd period - Stopped by Logan Thompson with a rebound.
4:00 of 3rd period - Wrist shot by Dylan DeMelo.
4:00 of 3rd period - Shot Blocked by Otto Koivula.
4:02 of 3rd period - Wrist shot by Mikhail Maltsev.
4:02 of 3rd period - Shot Misses the Net.
4:04 of 3rd period - Wrist shot by Nick Merkley.
4:04 of 3rd period - Stopped by Logan Thompson with a rebound.
4:06 of 3rd period - Wrist shot by Nick Merkley.
4:06 of 3rd period - Shot Misses the Net.
4:12 of 3rd period - Snap shot by Calvin Thurkauf.
4:12 of 3rd period - Stopped by Logan Thompson without a rebound.
4:13 of 3rd period - Logan Brown wins face-off versus Lias Andersson in Marlies zone.
4:47 of 3rd period - Wrist shot by Troy Terry.
4:47 of 3rd period - Stopped by Logan Thompson with a rebound.
4:55 of 3rd period - Minor Penalty to Mathieu Olivier for Holding.
4:56 of 3rd period - Lias Andersson wins face-off versus Logan Brown in Marlies zone.
4:56 of 3rd period - Lias Andersson is hit by Dean Kukan.
5:25 of 3rd period - Icing by Andrei Mironov.
5:26 of 3rd period - Luke Kunin wins face-off versus Lias Andersson in Gulls zone.
6:09 of 3rd period - Slapshot by Troy Terry.
6:09 of 3rd period - Shot Misses the Net.
6:11 of 3rd period - Slapshot by Dean Kukan.
6:11 of 3rd period - Deflect By Alex Formenton.
6:11 of 3rd period - Stopped by Logan Thompson without a rebound.
6:12 of 3rd period - Matthew Highmore wins face-off versus Logan Brown in Marlies zone.
6:23 of 3rd period - Slapshot by Logan Brown.
6:23 of 3rd period - Stopped by Logan Thompson without a rebound.
6:24 of 3rd period - Logan Brown wins face-off versus Lias Andersson in Marlies zone.
6:55 of 3rd period - Penalty to Mathieu Olivier is over, Mathieu Olivier is back on ice.
7:21 of 3rd period - Slapshot by Keaton Thompson.
7:21 of 3rd period - Stopped by Louis Domingue with a rebound.
7:23 of 3rd period - Wrist shot by Otto Koivula.
7:23 of 3rd period - Stopped by Louis Domingue without a rebound.
7:24 of 3rd period - Logan Brown wins face-off versus Isac Lundestrom in Gulls zone.
7:55 of 3rd period - Slapshot by Dylan DeMelo.
7:55 of 3rd period - Shot Misses the Net.
8:03 of 3rd period - Snap shot by Logan Brown.
8:03 of 3rd period - Stopped by Logan Thompson with a rebound.
8:25 of 3rd period - Wrist shot by Anton Blidh.
8:25 of 3rd period - Shot Misses the Net.
8:27 of 3rd period - Minor Penalty to Mathieu Olivier for Hooking.
8:28 of 3rd period - Tyler Benson wins face-off versus Luke Kunin in Marlies zone.
8:53 of 3rd period - Logan Brown is hit by Keaton Thompson and loses puck.
10:27 of 3rd period - Penalty to Mathieu Olivier is over, Mathieu Olivier is back on ice.
10:29 of 3rd period - Slapshot by Pierre-Olivier Joseph.
10:29 of 3rd period - Shot Misses the Net.
10:43 of 3rd period - Snap shot by Tyler Benson.
10:43 of 3rd period - Stopped by Louis Domingue without a rebound.
10:44 of 3rd period - Calvin Thurkauf wins face-off versus Jakob Forsbacka-Karlsson in Gulls zone.
12:15 of 3rd period - Lucas Carlsson is hit by Kirby Dach and loses puck.
12:35 of 3rd period - Snap shot by Dylan DeMelo.
12:35 of 3rd period - Stopped by Logan Thompson with a rebound.
12:37 of 3rd period - Slapshot by Jack Glover.
12:37 of 3rd period - Stopped by Logan Thompson without a rebound.
12:38 of 3rd period - Lias Andersson wins face-off versus Luke Kunin in Marlies zone.
12:56 of 3rd period - Minor Penalty to Troy Terry for Interference.
12:57 of 3rd period - Luke Kunin wins face-off versus Lias Andersson in Gulls zone.
13:18 of 3rd period - Icing by Pierre-Olivier Joseph.
13:19 of 3rd period - Joel Farabee wins face-off versus Luke Kunin in Marlies zone.
14:00 of 3rd period - Snap shot by Martin Necas.
14:00 of 3rd period - Shot Blocked by Sergey Tolchinsky.
14:47 of 3rd period - Anton Blidh is hit by Martin Necas and loses puck.
14:56 of 3rd period - Penalty to Troy Terry is over, Troy Terry is back on ice.
14:59 of 3rd period - Off-side.
15:00 of 3rd period - Calvin Thurkauf wins face-off versus Matthew Highmore in neutral zone.
15:25 of 3rd period - Anton Blidh is hit by Kole Sherwood.
15:26 of 3rd period - Icing by Anton Blidh.
15:27 of 3rd period - Isac Lundestrom wins face-off versus Logan Brown in Gulls zone.
15:44 of 3rd period - Logan Brown is hit by Kole Sherwood and loses puck.
16:20 of 3rd period - Slapshot by Troy Terry.
16:20 of 3rd period - Stopped by Logan Thompson without a rebound.
16:21 of 3rd period - Isac Lundestrom wins face-off versus Luke Kunin in Marlies zone.
16:32 of 3rd period - Snap shot by Alex Formenton.
16:32 of 3rd period - Stopped by Louis Domingue with a rebound.
16:34 of 3rd period - Snap shot by Alex Formenton.
16:34 of 3rd period - Shot Misses the Net.
16:46 of 3rd period - Lucas Carlsson is hit by Calvin Thurkauf and loses puck.
17:46 of 3rd period - Snap shot by Kole Sherwood.
17:46 of 3rd period - Stopped by Louis Domingue with a rebound.
17:48 of 3rd period - Wrist shot by Alex Formenton.
17:48 of 3rd period - Shot Misses the Net.
17:50 of 3rd period - Slapshot by Lucas Carlsson.
17:50 of 3rd period - Shot Misses the Net.
17:54 of 3rd period - Snap shot by Kole Sherwood.
17:54 of 3rd period - Shot Misses the Net.
17:56 of 3rd period - Snap shot by Isac Lundestrom.
17:56 of 3rd period - Stopped by Louis Domingue without a rebound.
17:57 of 3rd period - Calvin Thurkauf wins face-off versus Isac Lundestrom in Gulls zone.
18:10 of 3rd period - Snap shot by Alex Formenton.
18:10 of 3rd period - Shot Misses the Net.
18:22 of 3rd period - Keaton Thompson is hit by Anton Blidh.
18:30 of 3rd period - Slapshot by Pierre-Olivier Joseph.
18:30 of 3rd period - Shot Misses the Net.
18:33 of 3rd period - Icing by Dylan DeMelo.
18:34 of 3rd period - Anton Blidh wins face-off versus Isac Lundestrom in Gulls zone.
19:08 of 3rd period - Rasmus Dahlin is hit by Dylan DeMelo and loses puck.
19:17 of 3rd period - Dylan DeMelo is hit by Joel Farabee.
Goals for this period are 0 for Gulls vs 0 for Marlies.
Shots for this period are 17 for Gulls vs 6 for Marlies.
Output by the SimonT Hockey Simulator (STHS) for Francois Prevost